 Dungeon Crawl Stone Soup version 0.23.2-33-g5129a83184 (webtiles) character file.

Game seed: 6071777446673368248

233 FishyPogo the Grave Robber (level 5, -5/42 HPs)
             Began as a Deep Dwarf Necromancer on Aug 6, 2019.
             Blown up by Ijyb (15 damage)
             ... with a wand of disintegration (8)
             ... on level 3 of the Dungeon.
             The game lasted 00:19:53 (2222 turns).

FishyPogo the Grave Robber (Deep Dwarf Necromancer) Turns: 2222, Time: 00:19:54

Health: -5/42      AC:  2    Str: 12    XL:     5   Next: 75%
Magic:  9/10       EV: 14    Int: 16    God:
Gold:   128        SH:  0    Dex: 13    Spells: 5/10 levels left

rFire    . . .     SeeInvis .   e - +0 club
rCold    . . .     Gourm    .   (no shield)
rNeg     . . .     Faith    .   a - +0 robe
rPois    .         Spirit   .   (no helmet)
rElec    .         Reflect  .   (no cloak)
rCorr    .         Harm     .   (no gloves)
MR       .....                  (no boots)
Stlth    ++........             (no amulet)
HPRegen  0.00/turn              (no ring)
MPRegen  0.12/turn              (no ring)

@: non-regenerating
A: damage resistance, heal wounds, sense surroundings 1, no regeneration
a: Heal Wounds


You were on level 3 of the Dungeon.
You were not hungry.

You visited 1 branch of the dungeon, and saw 3 of its levels.

You collected 128 gold pieces.

Inventory:

Hand Weapons
 e - a +0 club (weapon)
Missiles
 g - 51 stones (quivered)
Armour
 a - a +0 robe (worn)
Scrolls
 b - a scroll of remove curse {unknown}
 d - 2 scrolls of amnesia {unknown}
 h - 2 scrolls of noise {unknown}
 i - a scroll of random uselessness {unknown}
 k - a scroll of enchant armour {unknown}
 l - 2 scrolls of identify {unknown}
 n - a scroll of enchant weapon {unknown}
Potions
 f - 2 potions of flight {unknown}
 j - a potion of mutation {unknown}
 m - 2 potions of haste {unknown}
 o - a potion of ambrosia {unknown}
Comestibles
 c - 2 rations
 p - 2 chunks of flesh


   Skills:
 * Level 4.4 Dodging
 - Level 3.0 Stealth
 * Level 3.4 Spellcasting
 + Level 5.1 Necromancy


You had 5 spell levels left.
You knew the following spells:

 Your Spells              Type           Power        Failure   Level  Hunger
a - Pain                  Necr           ###.         2%          1    None
b - Animate Skeleton      Necr           N/A          2%          1    None
c - Vampiric Draining     Necr           ###.......   6%          3    ###....

Your spell library contained the following spells:

 Spells                   Type           Power        Failure   Level  Hunger
 Animate Dead             Necr           N/A          22%         4    ####...
 Regeneration             Chrm/Necr      Unusable     N/A         3    N/A

Dungeon Overview and Level Annotations

Branches:
Dungeon (3/15)

Altars:
Fedhas

Annotations:
D:3 Ijyb


Innate Abilities, Weirdness & Mutations

You are resistant to damage.
You can heal yourself by infusing magical energy.
You passively map a small area around you.
You do not regenerate.


Message History

You climb upwards.
There is a stone staircase leading down here.
There is a stone staircase leading down here.
You climb downwards.
There is a stone staircase leading up here.
Found a stone staircase leading down.
An orc and Ijyb come into view.
Found 15 stones.
Ijyb shouts!
The orc shouts!
You hear a shout! x3
An orc comes into view. It is wielding a +0 trident.
There is a stone staircase leading down here.
Casting: Vampiric Draining (safe; 6% risk of failure)
Confirm with . or Enter, or press ? or * to list all spells.
Aiming: Pain (safe; 2% risk of failure)
Press: ? - help, Shift-Dir - straight line, f - Ijyb
Aim: Ijyb, wielding a +0 club, wearing a +0 chain mail and carrying a wand of disintegration (9) (chance to defeat MR: 84%) Ijyb writhes in agony.
Ijyb zaps a wand.
You struggle to resist.
Ijyb zaps a wand.
You are blasted!
You die...

#.# #.# #.#
#.# #.# #.#
#.# #.# #@#
#.#
*########.#
...oo(.g>#
##########
* * * , ,


You could see Ijyb.

Vanquished Creatures
  Sigmund (D:2)
  An adder (D:2)
  2 oozes (D:2)
  6 dart slugs
  3 leopard geckos
  9 bats
  2 giant cockroaches
  5 goblins (D:1)
  7 hobgoblins
  2 frilled lizards (D:1)
  3 kobolds (D:2)
  5 rats
46 creatures vanquished.

Vanquished Creatures (collateral kills)
  A goblin (D:1)
  A frilled lizard (D:1)
2 creatures vanquished.

Grand Total: 48 creatures vanquished

Notes
Turn   | Place    | Note
-------+----------+-------------------------------------------
     0 | D:1      | FishyPogo the Deep Dwarf Necromancer began the quest for
                  | the Orb.
     0 | D:1      | Reached XP level 1. HP: 15/15 MP: 3/3
     3 | D:1      | Learned a level 1 spell: Animate Skeleton
   206 | D:1      | Reached XP level 2. HP: 22/22 MP: 0/5
   692 | D:1      | Reached XP level 3. HP: 6/28 MP: 3/6
   730 | D:1      | Learned a level 3 spell: Vampiric Draining
  1255 | D:2      | Noticed Sigmund
  1624 | D:2      | Found a blossoming altar of Fedhas.
  1762 | D:2      | Reached XP level 4. HP: 13/36 MP: 0/7
  2075 | D:2      | Killed Sigmund
  2075 | D:2      | Reached skill level 5 in Necromancy
  2075 | D:2      | Reached XP level 5. HP: 7/42 MP: 0/10
  2215 | D:3      | Noticed Ijyb
  2222 | D:3      | Blown up by Ijyb

Skill      XL: |  1  2  3  4 |
---------------+-------------+-----
Spellcasting   | 2 3 |  3.4
Stealth        | 3 |  3.0
Dodging        | 3 4 |  4.4
Necromancy     | 5 |  5.1

Action                   |  1- 3 |  4- 6 || total
-------------------------+-------+-------++-------
Melee: Club              |    66 |    16 ||    82
Throw: Stone             |     5 |       ||     5
 Cast: Pain              |    36 |     7 ||    43
       Animate Skeleton  |     3 |     1 ||     4
       Vampiric Draining |    19 |     2 ||    21
  Eat: Chunk             |     5 |     2 ||     7
Armor: Robe              |    14 |       ||    14
Dodge: Dodged            |    65 |    16 ||    81
